| TOP OF THE 1ST |
|
Arkansas Travelers batting - Pitching for Birmingham Barons : RHP Matt Constantino
|
|
Pitching: RHP Matt Constantino
|
|
|
Batting: LHB Larry Prey
|
0-0: Called Strike 0-1: Fly out, F5 (Popup, 25, EV 90.0 MPH)
|
|
Batting: LHB Griffin Ferris
|
0-0: Ball 1-0: SINGLE (Flyball, 89S, EV 90.0 MPH)
|
|
Batting: RHB Juan Montez
|
0-0: Ball 1-0: Swinging Strike 1-1: Foul Ball, location: 2F 1-2: Foul Ball, location: 2F 1-2: Ball 2-2: Strikes out swinging
|
|
Batting: LHB Mark Reeg
|
0-0: Fly out, F8 (Flyball, 8RS, EV 91.2 MPH)
|
| Top of the 1st over - 0 runs, 1 hit, 0 errors, 1 left on base; Arkansas 0 - Birmingham 0 |
| BOTTOM OF THE 1ST |
|
Birmingham Barons batting - Pitching for Arkansas Travelers : RHP Chris Russell
|
|
Pitching: RHP Chris Russell
|
|
|
Batting: RHB Mike Savage
|
0-0: Ground out U3 (Groundball, 3, EV 104.4 MPH)
|
|
Batting: LHB Larry Myers
|
0-0: Foul Ball, location: 2F 0-1: Called Strike 0-2: Ball 1-2: Ball 2-2: Ball 3-2: Base on Balls
|
|
Batting: SHB Ruben Velasco Jr.
|
0-0: Ball 1-0: Foul Ball, location: 2F 1-1: Foul Ball, location: 2F 1-2: Ball 2-2: Fly out, F8 (Flyball, 8LM, EV 84.4 MPH)
|
|
Batting: LHB Justin Stickney
|
0-0: Ball 1-0: Ball 2-0: Ball 3-0: SINGLE (Groundball, 6MD, EV 98.1 MPH) Larry Myers to second
|
|
Batting: RHB Ethan McCullough
|
0-0: Called Strike 0-1: Fielders Choice at 2nd, 6-4 (Groundball, 6, EV 109.4 MPH)
|
| Bottom of the 1st over - 0 runs, 1 hit, 0 errors, 2 left on base; Arkansas 0 - Birmingham 0 |
| TOP OF THE 2ND |
|
Arkansas Travelers batting - Pitching for Birmingham Barons : RHP Matt Constantino
|
|
Batting: RHB Ryuji Ito
|
0-0: Called Strike 0-1: Ball 1-1: Called Strike 1-2: Ball 2-2: Ball 3-2: Base on Balls
|
|
Batting: LHB Justin Balthazor
|
0-0: Ball 1-0: Swinging Strike 1-1: Swinging Strike 1-2: Strikes out swinging
|
|
Batting: RHB Danny Bjarnson
|
0-0: Called Strike 0-1: Ball 1-1: Ball 2-1: Called Strike 2-2: Strikes out swinging
|
|
Batting: RHB Phil Knox
|
0-0: Ball 1-0: Ball 2-0: Ball 3-0: Called Strike 3-1: Base on Balls Ryuji Ito to second
|
|
Batting: RHB Davey Verhoog
|
0-0: Ball 1-0: Ball 2-0: Foul Ball, location: 2F 2-1: Fly out, F8 (Line Drive, 8LM, EV 86.9 MPH)
|
| Top of the 2nd over - 0 runs, 0 hits, 0 errors, 2 left on base; Arkansas 0 - Birmingham 0 |
| BOTTOM OF THE 2ND |
|
Birmingham Barons batting - Pitching for Arkansas Travelers : RHP Chris Russell
|
|
Batting: LHB Matt Hyde
|
0-0: Ball 1-0: SINGLE (Line Drive, 34, EV 105.0 MPH)
|
|
Batting: RHB Toichiro Fujimoto
|
0-0: Ball 1-0: Swinging Strike 1-1: Foul Ball, location: 2F 1-2: Ball 2-2: Ball 3-2: Foul Ball, location: 2F 3-2: Foul Ball, location: 2F 3-2: Foul Ball, location: 2F 3-2: Foul Ball, location: 2F 3-2: Base on Balls Matt Hyde to second
|
|
Batting: SHB Josh Conner
|
0-0: Ball 1-0: Swinging Strike 1-1: Ball 2-1: Fielders Choice at 2nd, 3-6 (Groundball, 3S, EV 91.9 MPH) Matt Hyde to third
|
|
Batting: RHB John Iddings
|
0-0: Called Strike 0-1: Called Strike Josh Conner is caught stealing 2nd base 2-4 0-2: Strikes out swinging
|
| Bottom of the 2nd over - 0 runs, 1 hit, 0 errors, 1 left on base; Arkansas 0 - Birmingham 0 |
| TOP OF THE 3RD |
|
Arkansas Travelers batting - Pitching for Birmingham Barons : RHP Matt Constantino
|
|
Batting: LHB Larry Prey
|
0-0: Ball 1-0: Ball 2-0: Swinging Strike 2-1: Swinging Strike 2-2: Ball 3-2: Foul Ball, location: 2F 3-2: Strikes out swinging
|
|
Batting: LHB Griffin Ferris
|
0-0: Ball 1-0: Fly out, F9 (Flyball, 89S, EV 82.5 MPH)
|
|
Batting: RHB Juan Montez
|
0-0: Ball 1-0: Foul Ball, location: 2F 1-1: Foul Ball, location: 2F 1-2: Ball 2-2: Ball 3-2: SINGLE (Groundball, 34S, EV 73.1 MPH) (infield hit)
|
|
Batting: LHB Mark Reeg
|
0-0: Ball 1-0: Ball 2-0: Ball 3-0: Base on Balls Juan Montez to second
|
|
Batting: RHB Ryuji Ito
|
0-0: Called Strike 0-1: Ball 1-1: Foul Ball, location: 2F 1-2: Ball 2-2: Foul Ball, location: 2F 2-2: Fly out, F6 (Line Drive, 6, EV 62.5 MPH)
|
| Top of the 3rd over - 0 runs, 1 hit, 0 errors, 2 left on base; Arkansas 0 - Birmingham 0 |
| BOTTOM OF THE 3RD |
|
Birmingham Barons batting - Pitching for Arkansas Travelers : RHP Chris Russell
|
|
Batting: RHB Mike Savage
|
0-0: Foul Ball, location: 2F 0-1: Swinging Strike 0-2: Foul Ball, location: 2F 0-2: Foul Ball, location: 2F 0-2: Ball 1-2: Strikes out looking
|
|
Batting: LHB Larry Myers
|
0-0: Ground out 5-3 (Groundball, 56, EV 101.9 MPH)
|
|
Batting: SHB Ruben Velasco Jr.
|
0-0: Foul Ball, location: 2F 0-1: Ball 1-1: Ball 2-1: Ball 3-1: Base on Balls
|
|
Batting: LHB Justin Stickney
|
0-0: Called Strike 0-1: Ball 1-1: Called Strike 1-2: Ball 2-2: Ball Ruben Velasco Jr. steals 2nd base 3-2: Ground out 4-3 (Groundball, 34D, EV 81.9 MPH)
|
| Bottom of the 3rd over - 0 runs, 0 hits, 0 errors, 1 left on base; Arkansas 0 - Birmingham 0 |
| TOP OF THE 4TH |
|
Arkansas Travelers batting - Pitching for Birmingham Barons : RHP Matt Constantino
|
|
Batting: LHB Justin Balthazor
|
0-0: Ball 1-0: Ball 2-0: Called Strike 2-1: Ball 3-1: Base on Balls
|
|
Batting: RHB Danny Bjarnson
|
0-0: Ball 1-0: Ball 2-0: Called Strike 2-1: Swinging Strike 2-2: Ball 3-2: Ground out 6-3 (Groundball, 6MS, EV 65.0 MPH) Justin Balthazor to second
|
|
Batting: RHB Phil Knox
|
0-0: Ground out U3 (Groundball, 3, EV 101.9 MPH) Justin Balthazor to third
|
|
Batting: RHB Davey Verhoog
|
0-0: Swinging Strike 0-1: Swinging Strike 0-2: Foul Ball, location: 2F 0-2: DOUBLE (Line Drive, 9LM, EV 90.0 MPH) Justin Balthazor scores
|
|
Batting: LHB Larry Prey
|
0-0: Ball 1-0: Ball 2-0: Called Strike 2-1: Ball 3-1: Base on Balls
|
|
Batting: LHB Griffin Ferris
|
0-0: Foul Ball, location: 2F 0-1: Called Strike 0-2: Foul Ball, location: 2F 0-2: Ball 1-2: Ground out 6-3 (Groundball, 6MS, EV 73.1 MPH)
|
| Top of the 4th over - 1 run, 1 hit, 0 errors, 2 left on base; Arkansas 1 - Birmingham 0 |
| BOTTOM OF THE 4TH |
|
Birmingham Barons batting - Pitching for Arkansas Travelers : RHP Chris Russell
|
|
Batting: RHB Ethan McCullough
|
0-0: Called Strike 0-1: Ball 1-1: Ball 2-1: Foul Ball, location: 2F 2-2: Strikes out swinging
|
|
Batting: LHB Matt Hyde
|
0-0: Ball 1-0: Foul Ball, location: 2F 1-1: Ball 2-1: Called Strike 2-2: Foul Ball, location: 2F 2-2: Foul Ball, location: 2F 2-2: Ball 3-2: Base on Balls
|
|
Batting: RHB Toichiro Fujimoto
|
0-0: Fly out, F3 (Line Drive, 3, EV 65.6 MPH) Lined into DP, U3 (Line Drive, 3, EV 61.9 MPH)
|
| Bottom of the 4th over - 0 runs, 0 hits, 0 errors, 0 left on base; Arkansas 1 - Birmingham 0 |
| TOP OF THE 5TH |
|
Arkansas Travelers batting - Pitching for Birmingham Barons : RHP Matt Constantino
|
|
Batting: RHB Juan Montez
|
0-0: Called Strike 0-1: Ball 1-1: Ball 2-1: Called Strike 2-2: Ground out U3 (Groundball, 3, EV 93.1 MPH)
|
|
Batting: LHB Mark Reeg
|
0-0: TRIPLE (Flyball, 78XD, EV 104.4 MPH)
|
|
Batting: RHB Ryuji Ito
|
0-0: Swinging Strike 0-1: Ball 1-1: Ball 2-1: Ball 3-1: Base on Balls
|
|
Batting: LHB Justin Balthazor
|
0-0: Ball Ryuji Ito is caught stealing 2nd base 2-6 1-0: Called Strike 1-1: Ball 2-1: SINGLE (Groundball, 4MD, EV 108.8 MPH) Mark Reeg scores
|
|
Batting: RHB Danny Bjarnson
|
0-0: Ball 1-0: Foul Ball, location: 2F 1-1: Called Strike 1-2: Strikes out swinging
|
| Top of the 5th over - 1 run, 2 hits, 0 errors, 1 left on base; Arkansas 2 - Birmingham 0 |
| BOTTOM OF THE 5TH |
|
Birmingham Barons batting - Pitching for Arkansas Travelers : RHP Chris Russell
|
|
Batting: SHB Josh Conner
|
0-0: Called Strike 0-1: Called Strike 0-2: Ball 1-2: Strikes out looking
|
|
Batting: RHB John Iddings
|
0-0: Ground out 4-3 (Groundball, 4, EV 98.8 MPH)
|
|
Batting: RHB Mike Savage
|
0-0: Ball 1-0: SINGLE (Groundball, 56S, EV 60.6 MPH) (infield hit)
|
|
Batting: LHB Larry Myers
|
0-0: Called Strike Mike Savage is caught stealing 2nd base 2-6
|
| Bottom of the 5th over - 0 runs, 1 hit, 0 errors, 0 left on base; Arkansas 2 - Birmingham 0 |
| TOP OF THE 6TH |
|
Arkansas Travelers batting - Pitching for Birmingham Barons : RHP Matt Constantino
|
|
Pitching: RHP Jon Manwaring
|
|
|
Batting: RHB Phil Knox
|
0-0: Fly out, F8 (Flyball, 8RXD, EV 98.1 MPH)
|
|
Batting: RHB Davey Verhoog
|
0-0: Foul Ball, location: 2F 0-1: Foul Ball, location: 2F 0-2: SINGLE (Groundball, 34S, EV 63.8 MPH) (infield hit)
|
|
Batting: LHB Larry Prey
|
0-0: Ball 1-0: Foul Ball, location: 2F 1-1: Foul Ball, location: 2F 1-2: Ball 2-2: Grounds out, U3 (Groundball, 3L, EV 84.4 MPH)
|
|
Batting: LHB Griffin Ferris
|
0-0: Fly out, F7 (Flyball, 7S, EV 76.9 MPH)
|
| Top of the 6th over - 0 runs, 1 hit, 0 errors, 1 left on base; Arkansas 2 - Birmingham 0 |
| BOTTOM OF THE 6TH |
|
Birmingham Barons batting - Pitching for Arkansas Travelers : RHP Chris Russell
|
|
Batting: LHB Larry Myers
|
0-0: Foul Ball, location: 2F 0-1: Foul Ball, location: 2F 0-2: Foul Ball, location: 2F 0-2: Ball 1-2: Ball 2-2: Foul Ball, location: 2F 2-2: Foul Ball, location: 2F 2-2: Ball 3-2: Base on Balls
|
|
Batting: SHB Ruben Velasco Jr.
|
0-0: Ball 1-0: Ball 2-0: Ball 3-0: Called Strike 3-1: Base on Balls Larry Myers to second
|
|
Batting: LHB Justin Stickney
|
0-0: Ball 1-0: Called Strike 1-1: Ball 2-1: Foul Ball, location: 2F 2-2: Ball 3-2: Foul Ball, location: 2F 3-2: SINGLE (Groundball, 5S, EV 63.1 MPH) (infield hit) Larry Myers to third Ruben Velasco Jr. to second
|
|
Pitching: RHP Jake Bruen
|
|
|
Pinch Hitting: LHB Dalton Silveira
|
0-0: Called Strike 0-1: Swinging Strike 0-2: Fly out, F8 (Line Drive, 8LM, EV 90.6 MPH)
|
|
Batting: LHB Matt Hyde
|
0-0: Ball 1-0: Called Strike 1-1: Ball 2-1: Ball 3-1: SINGLE (Groundball, 6, EV 95.6 MPH) Larry Myers scores Ruben Velasco Jr. to third Justin Stickney to second
|
|
Batting: RHB Toichiro Fujimoto
|
0-0: Ball 1-0: Fly out, F8 (Flyball, 78D, EV 100.0 MPH) Runner from 3rd tags up, SCORES, throw by CF Justin Stickney to third
|
|
Batting: SHB Josh Conner
|
0-0: Called Strike Matt Hyde steals 2nd base 0-1: Foul Ball, location: 2F 0-2: Strikes out swinging
|
| Bottom of the 6th over - 2 runs, 2 hits, 0 errors, 2 left on base; Arkansas 2 - Birmingham 2 |
| TOP OF THE 7TH |
|
Arkansas Travelers batting - Pitching for Birmingham Barons : RHP Jon Manwaring
|
|
Now at 2B: Dalton Silveira
|
|
|
Batting: RHB Juan Montez
|
0-0: Ball 1-0: Called Strike 1-1: Called Strike 1-2: Ground out U3 (Groundball, 34, EV 88.8 MPH)
|
|
Batting: LHB Mark Reeg
|
0-0: Called Strike 0-1: Ball 1-1: Ball 2-1: DOUBLE (Groundball, 3L, EV 107.5 MPH)
|
|
Batting: RHB Ryuji Ito
|
0-0: Called Strike 0-1: Ball 1-1: Swinging Strike 1-2: Strikes out swinging
|
|
Batting: LHB Justin Balthazor
|
0-0: Ball 1-0: Called Strike 1-1: Foul Ball, location: 2F 1-2: Strikes out swinging, 2-3 out at first.
|
| Top of the 7th over - 0 runs, 1 hit, 0 errors, 1 left on base; Arkansas 2 - Birmingham 2 |
| BOTTOM OF THE 7TH |
|
Birmingham Barons batting - Pitching for Arkansas Travelers : RHP Jake Bruen
|
|
Pinch Hitting: SHB Jay Gagnon
|
0-0: Foul Ball, location: 2F 0-1: Foul Ball, location: 2F 0-2: Ball 1-2: Strikes out looking
|
|
Batting: RHB Mike Savage
|
0-0: Ball 1-0: Ball 2-0: SINGLE (Line Drive, 56, EV 104.4 MPH)
|
|
Batting: LHB Larry Myers
|
0-0: Grounds out, U3 (Groundball, 3L, EV 84.4 MPH)
|
|
Batting: SHB Ruben Velasco Jr.
|
0-0: Ball 1-0: Ball 2-0: Called Strike 2-1: Foul Ball, location: 2F 2-2: Ball 3-2: Base on Balls
|
|
Batting: LHB Justin Stickney
|
0-0: Ball 1-0: SINGLE (Groundball, 56S, EV 60.6 MPH) (infield hit) Mike Savage to third Ruben Velasco Jr. to second
|
|
Batting: LHB Dalton Silveira
|
0-0: Called Strike 0-1: Ground out U3 (Groundball, 3L, EV 78.1 MPH)
|
| Bottom of the 7th over - 0 runs, 2 hits, 0 errors, 3 left on base; Arkansas 2 - Birmingham 2 |
| TOP OF THE 8TH |
|
Arkansas Travelers batting - Pitching for Birmingham Barons : RHP Jon Manwaring
|
|
Pitching: LHP Mark Sharrett
|
|
|
Now at SS: Jason Bresnahan
|
|
|
Batting: RHB Danny Bjarnson
|
0-0: Ball 1-0: Called Strike 1-1: Ball 2-1: Foul Ball, location: 2F 2-2: Ball 3-2: Base on Balls
|
|
Batting: RHB Phil Knox
|
0-0: Called Strike 0-1: Ball 1-1: Called Strike 1-2: Strikes out looking
|
|
Batting: RHB Davey Verhoog
|
0-0: Ball 1-0: Bunted foul 1-1: Bunted foul 1-2: Strikes out swinging
|
|
Pinch Hitting: RHB Ryan Pelletier
|
0-0: Fly out, F8 (Flyball, 8LD, EV 103.8 MPH)
|
| Top of the 8th over - 0 runs, 0 hits, 0 errors, 1 left on base; Arkansas 2 - Birmingham 2 |
| BOTTOM OF THE 8TH |
|
Birmingham Barons batting - Pitching for Arkansas Travelers : RHP Jake Bruen
|
|
Pitching: RHP Chris DePalma
|
|
|
Now at 2B: Ryan Pelletier
|
|
|
Batting: LHB Matt Hyde
|
0-0: Called Strike 0-1: Ball 1-1: Ball 2-1: Ball 3-1: Called Strike 3-2: Ground out 4-3 (Groundball, 4, EV 85.6 MPH)
|
|
Batting: RHB Toichiro Fujimoto
|
0-0: Ball 1-0: Swinging Strike 1-1: Foul Ball, location: 2F 1-2: Ball 2-2: Ball 3-2: Base on Balls
|
|
Batting: SHB Josh Conner
|
0-0: Grounds out, U3 (Groundball, 3L, EV 86.2 MPH)
|
|
Pinch Hitting: LHB Ryan Dyal
|
0-0: Foul Ball, location: 2F 0-1: Ball 1-1: Ball 2-1: Called Strike 2-2: Ground out 4-3 (Groundball, 4, EV 87.5 MPH)
|
| Bottom of the 8th over - 0 runs, 0 hits, 0 errors, 1 left on base; Arkansas 2 - Birmingham 2 |
| TOP OF THE 9TH |
|
Arkansas Travelers batting - Pitching for Birmingham Barons : LHP Mark Sharrett
|
|
Now at 2B: Ryan Dyal
|
|
|
Now at 3B: Dalton Silveira
|
|
|
Now at SS: Josh Conner
|
|
|
Batting: LHB Griffin Ferris
|
0-0: Called Strike 0-1: Ball 1-1: SINGLE (Flyball, 4MD, EV 92.5 MPH)
|
|
Batting: RHB Juan Montez
|
0-0: Fly out, F7 (Flyball, 7LS, EV 78.1 MPH)
|
|
Batting: LHB Mark Reeg
|
0-0: Ball 1-0: Called Strike 1-1: Foul Ball, location: 2F 1-2: Ball 2-2: Foul Ball, location: 2F 2-2: Ground out 4-3 (Groundball, 4S, EV 70.6 MPH) Griffin Ferris to second
|
|
Batting: RHB Ryuji Ito
|
0-0: Intentional Walk
|
|
Batting: LHB Justin Balthazor
|
0-0: Called Strike 0-1: Foul Ball, location: 2F 0-2: Foul Ball, location: 2F 0-2: Foul Ball, location: 2F 0-2: Ball 1-2: Foul Ball, location: 2F 1-2: Ball 2-2: Ball 3-2: Strikes out swinging
|
| Top of the 9th over - 0 runs, 1 hit, 0 errors, 2 left on base; Arkansas 2 - Birmingham 2 |
| BOTTOM OF THE 9TH |
|
Birmingham Barons batting - Pitching for Arkansas Travelers : RHP Chris DePalma
|
|
Pitching: LHP Bryan Payne
|
|
|
Batting: RHB Mike Savage
|
0-0: Ball 1-0: Fly out, F9 (Flyball, 9D, EV 96.2 MPH)
|
|
Pinch Hitting: RHB Josiah Wright
|
0-0: Ball 1-0: Called Strike 1-1: Ball 2-1: Ball 3-1: Foul Ball, location: 2F 3-2: Base on Balls
|
|
Batting: SHB Ruben Velasco Jr.
|
0-0: Swinging Strike 0-1: Ball 1-1: Ball 2-1: Foul Ball, location: 2F 2-2: Ball 3-2: Fly out, F8 (Flyball, 8LXD, EV 100.6 MPH)
|
|
Batting: LHB Justin Stickney
|
0-0: Ball 1-0: Ball 2-0: SINGLE (Groundball, 5, EV 96.9 MPH) Josiah Wright to second
|
|
Batting: LHB Dalton Silveira
|
0-0: Ball 1-0: Ball 2-0: Fielders Choice at 2nd, 5-4 (Groundball, 5, EV 88.1 MPH)
|
| Bottom of the 9th over - 0 runs, 1 hit, 0 errors, 2 left on base; Arkansas 2 - Birmingham 2 |
| TOP OF THE 10TH |
|
Arkansas Travelers batting - Pitching for Birmingham Barons : LHP Mark Sharrett
|
|
Now in LF: Skyler Goss
|
|
|
Now in RF: Mike Savage
|
|
|
Batting: RHB Danny Bjarnson
|
0-0: Ball 1-0: Called Strike 1-1: Ball 2-1: Ball 3-1: Foul Ball, location: 2F 3-2: Strikes out swinging
|
|
Batting: RHB Phil Knox
|
0-0: Swinging Strike 0-1: Ball 1-1: Called Strike 1-2: Ball 2-2: Foul Ball, location: 2F 2-2: Strikes out looking
|
|
Batting: RHB Davey Verhoog
|
0-0: Fly out, F4 (Line Drive, 34D, EV 65.6 MPH)
|
| Top of the 10th over - 0 runs, 0 hits, 0 errors, 0 left on base; Arkansas 2 - Birmingham 2 |
| BOTTOM OF THE 10TH |
|
Birmingham Barons batting - Pitching for Arkansas Travelers : LHP Bryan Payne
|
|
Batting: LHB Matt Hyde
|
0-0: Called Strike 0-1: Ball 1-1: Foul Ball, location: 2F 1-2: Ground out 5-3 (Groundball, 56, EV 84.4 MPH)
|
|
Batting: RHB Toichiro Fujimoto
|
0-0: Ball 1-0: Swinging Strike 1-1: Ground out 6-3 (Groundball, 6M, EV 89.4 MPH)
|
|
Batting: SHB Josh Conner
|
0-0: Foul Ball, location: 2F 0-1: Ball 1-1: Ball 2-1: Foul Ball, location: 2F 2-2: Foul Ball, location: 2F 2-2: Ground out 5-3 (Groundball, 56, EV 83.8 MPH)
|
| Bottom of the 10th over - 0 runs, 0 hits, 0 errors, 0 left on base; Arkansas 2 - Birmingham 2 |
| TOP OF THE 11TH |
|
Arkansas Travelers batting - Pitching for Birmingham Barons : LHP Mark Sharrett
|
|
Pitching: LHP Kenny Morman
|
|
|
Now at 2B: Olaf Zoeteman
|
|
|
Batting: RHB Ryan Pelletier
|
0-0: SINGLE (Groundball, 6MD, EV 95.6 MPH)
|
|
Batting: LHB Griffin Ferris
|
0-0: Called Strike 0-1: Called Strike 0-2: Ball 1-2: Ball 2-2: DOUBLE (Line Drive, 89D, EV 102.5 MPH) Ryan Pelletier to third
|
|
Batting: RHB Juan Montez
|
0-0: Intentional Walk
|
|
Batting: LHB Mark Reeg
|
0-0: Called Strike 0-1: Called Strike 0-2: Ball 1-2: Strikes out swinging
|
|
Batting: RHB Ryuji Ito
|
0-0: Ball 1-0: Ball 2-0: Fly out, F7 (Flyball, 7LM, EV 108.8 MPH) Runner from 3rd tags up, SCORES, throw by LF Griffin Ferris to third
|
|
Batting: LHB Justin Balthazor
|
0-0: Ball 1-0: Foul Ball, location: 2F Balk! Griffin Ferris scores Juan Montez to second 1-1: Called Strike 1-2: Foul Ball, location: 2F 1-2: Fly out, F8 (Flyball, 8LS, EV 78.8 MPH)
|
| Top of the 11th over - 2 runs, 2 hits, 0 errors, 1 left on base; Arkansas 4 - Birmingham 2 |
| BOTTOM OF THE 11TH |
|
Birmingham Barons batting - Pitching for Arkansas Travelers : LHP Bryan Payne
|
|
Now in LF: Davey Verhoog
|
|
|
Now in CF: Barrfhionn O'Toole
|
|
|
Batting: SHB Olaf Zoeteman
|
0-0: Called Strike 0-1: Foul Ball, location: 2F 0-2: Ball 1-2: Fly out, F8 (Flyball, 8LD, EV 88.8 MPH)
|
|
Batting: RHB Mike Savage
|
0-0: Called Strike 0-1: Fly out, F8 (Flyball, 8RXD, EV 80.0 MPH)
|
|
Batting: RHB Skyler Goss
|
0-0: Foul Ball, location: 2F 0-1: Ball 1-1: Ball 2-1: Ball 3-1: Foul Ball, location: 2F 3-2: DOUBLE (Line Drive, 9LS, EV 88.8 MPH)
|
|
Batting: SHB Ruben Velasco Jr.
|
0-0: Ball 1-0: Called Strike 1-1: Swinging Strike Balk! Skyler Goss to third 1-2: Foul Ball, location: 2F 1-2: Ball 2-2: Ball 3-2: Base on Balls
|
|
Pitching: RHP Eddie Garabito
|
|
|
Batting: LHB Justin Stickney
|
0-0: Hit by Pitch Ruben Velasco Jr. to second
|
|
Batting: LHB Dalton Silveira
|
0-0: Ball 1-0: Swinging Strike 1-1: Ball 2-1: Called Strike 2-2: Strikes out looking
|
| Bottom of the 11th over - 0 runs, 1 hit, 0 errors, 3 left on base; Arkansas 4 - Birmingham 2 |
|